AAA
TOLEDO MUD HENS @ NORFOLK TIDES
05/24/2052
 
TOP OF THE 1ST
Birmingham Barons batting - Pitching for Louisville Bats : RHP Dave Avila
Pitching: RHP Dave Avila
Batting: RHB Bobby Hernandez 0-0: Ball
1-0: Ball
2-0: Ball
3-0: Called Strike
3-1: Called Strike
3-2: Base on Balls
Batting: RHB Cameron Popovich 0-0: Fly out, F9 (Line Drive, 9, EV 90.0 MPH)
Batting: LHB Colin Buchanan 0-0: Ball
1-0: Called Strike
1-1: Ball
2-1: Swinging Strike
2-2: SINGLE (Groundball, 34, EV 97.5 MPH)
Bobby Hernandez to second
Runner from 2nd tries for 3rd, OUT! 9-5
Colin Buchanan to second
Batting: RHB David Minchew 0-0: Ball
1-0: Ground out 6-3 (Groundball, 6M, EV 88.8 MPH)
Top of the 1st over - 0 runs, 1 hit, 0 errors, 1 left on base; Birmingham 0 - Louisville 0
BOTTOM OF THE 1ST
Louisville Bats batting - Pitching for Birmingham Barons : RHP Merlin Brownson
Pitching: RHP Merlin Brownson
Batting: RHB Jake Hazelton 0-0: Ball
1-0: Ball
2-0: Ball
3-0: Base on Balls
Batting: LHB Bradford Seidl 0-0: Ball
1-0: Called Strike
1-1: Ball
2-1: Fly out, F4 (Popup, 4S, EV 84.4 MPH)
Batting: RHB Agustin Rosado 0-0: Ball
1-0: Called Strike
1-1: Grounds into double play, 6-4-3 (Groundball, 6, EV 111.2 MPH)
Bottom of the 1st over - 0 runs, 0 hits, 0 errors, 0 left on base; Birmingham 0 - Louisville 0
TOP OF THE 2ND
Birmingham Barons batting - Pitching for Louisville Bats : RHP Dave Avila
Batting: LHB Mike Kerr 0-0: Ball
1-0: Swinging Strike
1-1: Foul Ball, location: 2F
1-2: Ball
2-2: Foul Ball, location: 2F
2-2: Strikes out swinging, 2-3 out at first.
Batting: LHB Holden Uhl 0-0: Ball
1-0: Ground out 4-3 (Groundball, 4M, EV 97.5 MPH)
Batting: RHB Vladimir Muñoz 0-0: Ground out 6-3 (Groundball, 6, EV 80.0 MPH)
Top of the 2nd over - 0 runs, 0 hits, 0 errors, 0 left on base; Birmingham 0 - Louisville 0
BOTTOM OF THE 2ND
Louisville Bats batting - Pitching for Birmingham Barons : RHP Merlin Brownson
Pitching: RHP Ivan Alarcon
Batting: RHB Al Bulger 0-0: Ball
1-0: Ball
2-0: Foul Ball, location: 2F
2-1: Foul Ball, location: 2F
2-2: Ball
3-2: Base on Balls
Batting: RHB Esteban Vasquez 0-0: Ball
1-0: Ball
2-0: Foul Ball, location: 2F
2-1: Foul Ball, location: 2F
2-2: Strikes out swinging
Batting: RHB Nathaniel Moser 0-0: Ball
1-0: Called Strike
1-1: Swinging Strike
1-2: Foul Ball, location: 2F
1-2: Foul Ball, location: 2F
1-2: Strikes out looking
Batting: RHB Gil Albert 0-0: Ball
1-0: Foul Ball, location: 2F
1-1: Fly out, F8 (Flyball, 78M, EV 92.5 MPH)
Bottom of the 2nd over - 0 runs, 0 hits, 0 errors, 1 left on base; Birmingham 0 - Louisville 0
TOP OF THE 3RD
Birmingham Barons batting - Pitching for Louisville Bats : RHP Dave Avila
Batting: LHB Israel Darling 0-0: SINGLE (Groundball, 6M, EV 106.9 MPH)
Batting: RHB Greg Harrison 0-0: Ball
1-0: Foul Ball, location: 2F
1-1: Foul Ball, location: 2F
1-2: Grounds into double play, 3-6-1 (Groundball, 3, EV 84.4 MPH)
Batting: RHB Bobby Hernandez 0-0: Ball
1-0: Ball
2-0: Ball
3-0: Called Strike
3-1: Foul Ball, location: 2F
3-2: Foul Ball, location: 2F
3-2: Foul Ball, location: 2F
3-2: Foul Ball, location: 2F
3-2: Fly out, F9 (Flyball, 89S, EV 95.0 MPH)
Top of the 3rd over - 0 runs, 1 hit, 0 errors, 0 left on base; Birmingham 0 - Louisville 0
BOTTOM OF THE 3RD
Louisville Bats batting - Pitching for Birmingham Barons : RHP Ivan Alarcon
Batting: RHB Joe Bateman 0-0: SINGLE (Groundball, 25, EV 66.2 MPH) (infield hit)
Batting: RHB Tom Courson 0-0: Called Strike
0-1: Ball
1-1: Fly out, F7 (Flyball, 7S, EV 83.8 MPH)
Batting: RHB Jake Hazelton 0-0: Ball
1-0: Foul Ball, location: 2F
1-1: Called Strike
1-2: Strikes out swinging
Joe Bateman steals 2nd base
Batter strikes out.
Batting: LHB Bradford Seidl 0-0: Ball
1-0: Swinging Strike
1-1: Ball
2-1: Foul Ball, location: 2F
2-2: Ball
3-2: Strikes out looking
Bottom of the 3rd over - 0 runs, 1 hit, 0 errors, 1 left on base; Birmingham 0 - Louisville 0
TOP OF THE 4TH
Birmingham Barons batting - Pitching for Louisville Bats : RHP Dave Avila
Batting: RHB Cameron Popovich 0-0: Swinging Strike
0-1: Ball
1-1: Ball
2-1: Ground out 5-3 (Groundball, 56, EV 80.0 MPH)
Batting: LHB Colin Buchanan 0-0: Ball
1-0: Called Strike
1-1: Ball
2-1: Ball
3-1: Base on Balls
Batting: RHB David Minchew 0-0: Swinging Strike
0-1: Swinging Strike
0-2: Ball
1-2: Ball
2-2: Strikes out swinging
Batting: LHB Mike Kerr 0-0: Foul Ball, location: 2F
0-1: Called Strike
0-2: Ball
Colin Buchanan is caught stealing 2nd base 2-6
Top of the 4th over - 0 runs, 0 hits, 0 errors, 0 left on base; Birmingham 0 - Louisville 0
BOTTOM OF THE 4TH
Louisville Bats batting - Pitching for Birmingham Barons : RHP Ivan Alarcon
Batting: RHB Agustin Rosado 0-0: Ball
1-0: Swinging Strike
1-1: Ball
2-1: Foul Ball, location: 2F
2-2: Strikes out swinging
Batting: RHB Al Bulger 0-0: Called Strike
0-1: Swinging Strike
0-2: Ball
1-2: Ground out 5-3 (Groundball, 56S, EV 86.2 MPH)
Batting: RHB Esteban Vasquez 0-0: Ball
1-0: Ball
2-0: Ball
3-0: Called Strike
3-1: Swinging Strike
3-2: Base on Balls
Batting: RHB Nathaniel Moser 0-0: Called Strike
0-1: Ball
1-1: Fly out, F7 (Flyball, 7D, EV 88.8 MPH)
Bottom of the 4th over - 0 runs, 0 hits, 0 errors, 1 left on base; Birmingham 0 - Louisville 0
TOP OF THE 5TH
Birmingham Barons batting - Pitching for Louisville Bats : RHP Dave Avila
Batting: LHB Mike Kerr 0-0: Ball
1-0: Foul Ball, location: 2F
1-1: Foul Ball, location: 2F
1-2: SINGLE (Groundball, 6D, EV 105.0 MPH)
Batting: LHB Holden Uhl 0-0: Ball
Mike Kerr steals 2nd base
1-0: Called Strike
1-1: Foul Ball, location: 2F
1-2: Strikes out swinging
Batting: RHB Vladimir Muñoz 0-0: Ball
Mike Kerr is caught stealing 3rd base 2-5
1-0: Called Strike
1-1: Ball
2-1: Called Strike
2-2: Foul Ball, location: 2F
2-2: Foul Ball, location: 2F
2-2: Ball
3-2: Foul Ball, location: 2F
3-2: Strikes out swinging
Top of the 5th over - 0 runs, 1 hit, 0 errors, 0 left on base; Birmingham 0 - Louisville 0
BOTTOM OF THE 5TH
Louisville Bats batting - Pitching for Birmingham Barons : RHP Ivan Alarcon
Batting: RHB Gil Albert 0-0: Foul Ball, location: 2F
0-1: Ball
1-1: Ball
2-1: Ball
3-1: Base on Balls
Batting: RHB Joe Bateman 0-0: Bunt - Flyout to 15! F1
Batting: RHB Tom Courson 0-0: Called Strike
Gil Albert steals 2nd base
0-1: Foul Ball, location: 2F
0-2: Strikes out swinging
Pitching: RHP Jimmy Weinert
Batting: RHB Jake Hazelton 0-0: Ball
1-0: Ball
2-0: SINGLE (Groundball, 25, EV 64.4 MPH) (infield hit)
Gil Albert to third
Batting: LHB Bradford Seidl 0-0: Ball
1-0: Called Strike
1-1: Ground out 4-3 (Groundball, 4, EV 84.4 MPH)
Bottom of the 5th over - 0 runs, 1 hit, 0 errors, 2 left on base; Birmingham 0 - Louisville 0
TOP OF THE 6TH
Birmingham Barons batting - Pitching for Louisville Bats : RHP Dave Avila
Batting: LHB Israel Darling 0-0: Called Strike
0-1: Ball
1-1: Ball
2-1: Called Strike
2-2: Ball
3-2: Foul Ball, location: 2F
3-2: Foul Ball, location: 2F
3-2: Strikes out swinging
Batting: RHB Greg Harrison 0-0: Called Strike
0-1: Ball
1-1: Foul Ball, location: 2F
1-2: Foul Ball, location: 2F
1-2: Foul Ball, location: 2F
1-2: Ball
2-2: Foul Ball, location: 2F
2-2: Ground out 4-3 (Groundball, 34, EV 105.6 MPH)
Batting: RHB Bobby Hernandez 0-0: Ball
1-0: Ball
2-0: Ball
3-0: Base on Balls
Batting: RHB Cameron Popovich 0-0: Called Strike
0-1: Fielders Choice at 2nd, 6-4 (Groundball, 56D, EV 84.4 MPH)
Top of the 6th over - 0 runs, 0 hits, 0 errors, 1 left on base; Birmingham 0 - Louisville 0
BOTTOM OF THE 6TH
Louisville Bats batting - Pitching for Birmingham Barons : RHP Jimmy Weinert
Batting: RHB Agustin Rosado 0-0: Ball
1-0: Ball
2-0: Foul Ball, location: 2F
2-1: Swinging Strike
2-2: Foul Ball, location: 2F
2-2: Strikes out looking
Batting: RHB Al Bulger 0-0: Foul Ball, location: 2F
0-1: Called Strike
0-2: Strikes out looking
Batting: RHB Esteban Vasquez 0-0: Called Strike
0-1: Ground out 5-3 (Groundball, 56, EV 86.9 MPH)
Bottom of the 6th over - 0 runs, 0 hits, 0 errors, 0 left on base; Birmingham 0 - Louisville 0
TOP OF THE 7TH
Birmingham Barons batting - Pitching for Louisville Bats : RHP Dave Avila
Batting: LHB Colin Buchanan 0-0: Ball
1-0: Called Strike
1-1: Foul Ball, location: 2F
1-2: Strikes out swinging
Batting: RHB David Minchew 0-0: Foul Ball, location: 2F
0-1: Foul Ball, location: 2F
0-2: Ball
1-2: Ball
2-2: Foul Ball, location: 2F
2-2: Ball
3-2: Foul Ball, location: 2F
3-2: Fly out, F8 (Flyball, 8RM, EV 86.9 MPH)
Batting: LHB Mike Kerr 0-0: Called Strike
0-1: Swinging Strike
0-2: Foul Ball, location: 2F
0-2: Strikes out swinging
Top of the 7th over - 0 runs, 0 hits, 0 errors, 0 left on base; Birmingham 0 - Louisville 0
BOTTOM OF THE 7TH
Louisville Bats batting - Pitching for Birmingham Barons : RHP Jimmy Weinert
Batting: RHB Nathaniel Moser 0-0: Called Strike
0-1: Foul Ball, location: 2F
0-2: Hit by Pitch
Pinch Hitting: LHB Miguel Melchor 0-0: Called Strike
0-1: Called Strike
0-2: Grounds into double play, 4-6-3 (Groundball, 4, EV 86.9 MPH)
Batting: RHB Joe Bateman 0-0: Swinging Strike
0-1: Ball
1-1: Ball
2-1: Ball
3-1: Ground out 5-3 (Groundball, 5, EV 101.9 MPH)
Bottom of the 7th over - 0 runs, 0 hits, 0 errors, 0 left on base; Birmingham 0 - Louisville 0
TOP OF THE 8TH
Birmingham Barons batting - Pitching for Louisville Bats : RHP Dave Avila
Pitching: RHP Kevin Sabo
Now at 2B: Kaiden Houston
Batting: LHB Holden Uhl 0-0: Ball
1-0: Called Strike
1-1: Ball
2-1: Ball
3-1: Ground out 1-3 (Groundball, 15S, EV 61.9 MPH)
Pinch Hitting: LHB Stanley Scherr 0-0: Ground out 4-3 (Groundball, 4, EV 90.0 MPH)
Batting: LHB Israel Darling 0-0: Called Strike
0-1: Ball
1-1: Ball
2-1: Ground out 4-3 (Groundball, 34, EV 86.9 MPH)
Top of the 8th over - 0 runs, 0 hits, 0 errors, 0 left on base; Birmingham 0 - Louisville 0
BOTTOM OF THE 8TH
Louisville Bats batting - Pitching for Birmingham Barons : RHP Jimmy Weinert
Now in LF: David Minchew
Now in RF: Stanley Scherr
Batting: RHB Tom Courson 0-0: Ball
1-0: Reached on error, E6 (Groundball, 6, EV 78.1 MPH)
Batting: RHB Jake Hazelton 0-0: Called Strike
0-1: Ball
1-1: Sac Bunt to P - play at first, batter OUT! 1-3
Tom Courson to second
Batting: LHB Bradford Seidl 0-0: Called Strike
0-1: Called Strike
0-2: Ball
1-2: Ball
2-2: Foul Ball, location: 2F
2-2: Strikes out swinging
Batting: RHB Agustin Rosado 0-0: Ball
1-0: Ball
2-0: Called Strike
2-1: Called Strike
2-2: DOUBLE (Line Drive, 78D, EV 113.8 MPH)
Tom Courson scores
Batting: RHB Al Bulger 0-0: Foul Ball, location: 2F
0-1: Foul Ball, location: 2F
0-2: Strikes out swinging
Bottom of the 8th over - 1 run, 1 hit, 1 error, 1 left on base; Birmingham 0 - Louisville 1
TOP OF THE 9TH
Birmingham Barons batting - Pitching for Louisville Bats : RHP Kevin Sabo
Pitching: RHP James Clary
Pinch Hitting: LHB Peter Stafford 0-0: Ball
1-0: Foul Ball, location: 2F
1-1: Ball
2-1: Fly out, F6 (Popup, 6, EV 80.6 MPH)
Batting: RHB Bobby Hernandez 0-0: Ball
1-0: SINGLE (Line Drive, 9S, EV 103.1 MPH)
Batting: RHB Cameron Popovich 0-0: Ball
1-0: Ball
2-0: Ball
3-0: Base on Balls
Bobby Hernandez to second
Batting: LHB Colin Buchanan 0-0: Ball
1-0: Ball
2-0: Ball
3-0: Called Strike
3-1: Base on Balls
Bobby Hernandez to third
Cameron Popovich to second
Batting: RHB David Minchew 0-0: Ball
1-0: Ball
2-0: Ball
3-0: Called Strike
3-1: Called Strike
3-2: Base on Balls
Bobby Hernandez scores
Cameron Popovich to third
Colin Buchanan to second
Batting: LHB Mike Kerr 0-0: Called Strike
0-1: Ball
1-1: DOUBLE (Flyball, 8RXD, EV 90.6 MPH)
Cameron Popovich scores
Colin Buchanan scores
David Minchew to third
Pitching: RHP Andy Froedge
Batting: LHB Holden Uhl 0-0: Foul Ball, location: 2F
0-1: SINGLE (Flyball, 4D, EV 93.1 MPH)
David Minchew scores
Mike Kerr to third
Batting: LHB Stanley Scherr 0-0: Ball
1-0: Called Strike
1-1: Foul Ball, location: 2F
1-2: Ball
2-2: Fielders Choice at 2nd, 4-6 (Groundball, 4, EV 81.9 MPH)
Mike Kerr scores
Batting: LHB Israel Darling Pickoff Throw to First - Out! 1-3 CS
Top of the 9th over - 5 runs, 3 hits, 0 errors, 0 left on base; Birmingham 5 - Louisville 1
BOTTOM OF THE 9TH
Louisville Bats batting - Pitching for Birmingham Barons : RHP Jimmy Weinert
Now at SS: Travis Banning
Batting: RHB Esteban Vasquez 0-0: Ball
1-0: SINGLE (Flyball, 78S, EV 91.2 MPH)
Pitching: RHP Ryan Kennedy
Batting: RHB Nathaniel Moser 0-0: Called Strike
0-1: Called Strike
0-2: Ball
1-2: Strikes out looking
Batting: RHB Kaiden Houston 0-0: Called Strike
0-1: Foul Ball, location: 2F
0-2: SINGLE (Flyball, 8LS, EV 85.6 MPH)
Esteban Vasquez to second
Batting: RHB Joe Bateman 0-0: Grounds into double play, 4-6-3 (Groundball, 4, EV 86.9 MPH)
Bottom of the 9th over - 0 runs, 2 hits, 0 errors, 1 left on base; Birmingham 5 - Louisville 1
Monday, April 22nd , 2024 - OOTP Baseball 24.11 Build 85